 Dungeon Crawl Stone Soup version 0.28.0-45-g0d030f2227 (webtiles) character file.

Game seed: 12952327123294774033

65 thiscave3701365 the Chopper (level 4, -1/40 HPs)
             Began as a Hill Orc Berserker on Apr 18, 2022.
             Was a Follower of Trog.
             Slain by an adder (5 damage)
             ... on level 2 of the Dungeon.
             The game lasted 00:01:17 (1597 turns).

thiscave3701365 the Chopper (Hill Orc Berserker)    Turns: 1597, Time: 00:01:18

Health: -1/40      AC:  2    Str: 21    XL:     4   Next: 13%
Magic:  4/4        EV: 12    Int:  7    God:    Trog [*.....]
Gold:   33         SH:  0    Dex: 10    Spells: 3/3 levels left

rFire   . . .      SeeInvis .   a - +0 hand axe
rCold   . . .      Faith    .   (no shield)
rNeg    . . .      Spirit   .   b - +0 animal skin
rPois   .          Reflect  .   (no helmet)
rElec   .          Harm     .   (no cloak)
rCorr   .          Rampage  .   (no gloves)
Will    .....                   (no boots)
Stlth   +.........              (no amulet)
HPRegen 0.13/turn               (no ring)
MPRegen 0.09/turn               (no ring)

@: on berserk cooldown, slowed, very slow
A: no striking features
a: Renounce Religion, Berserk


You were on level 2 of the Dungeon.
You worshipped Trog.
Trog was aware of your devotion.
You visited 1 branch of the dungeon, and saw 2 of its levels.

You collected 33 gold pieces.

Inventory:

Hand Weapons
 a - a +0 hand axe (weapon)
Armour
 b - a +0 animal skin (worn)
Jewellery
 d - an amulet of faith
Scrolls
 c - a scroll of vulnerability {unknown}
 f - 2 scrolls of identify {unknown}
 h - a scroll of magic mapping {unknown}
Potions
 e - a potion of mutation {unknown}
 g - 2 potions of lignification {unknown}
 i - a potion of curing {unknown}


   Skills:
 - Level 3.7 Fighting
 + Level 6.3 Axes
 - Level 2.2 Armour
 - Level 1.6 Dodging


You had 3 spell levels left.
You didn't know any spells.
Your spell library was empty.

Dungeon Overview and Level Annotations

Branches:
Dungeon (2/15)

Altars:


Message History

An adder is nearby!
You are too injured to fight recklessly!
An adder is nearby!
An adder is nearby!
You are too injured to fight recklessly!
An adder is nearby!
You are too injured to fight recklessly!
Unknown command.
You are too injured to fight recklessly!
An adder is nearby!
You're still recovering from your berserk rage.
You're still recovering from your berserk rage.
You closely miss the adder.
You feel very sick. The adder misses you. x2
You closely miss the adder.
You feel sick. The adder closely misses you. The adder barely misses you.
You hit the adder. Your punch misses the adder.
The adder is heavily wounded.
You feel sick. The adder barely misses you. x2
You closely miss the adder.
The adder is heavily wounded.
You feel sick. The adder barely misses you. The adder completely misses you.
You closely miss the adder.
The adder is heavily wounded.
You feel sick.
You are no longer poisoned.
The adder bites you.
* * * LOW HITPOINT WARNING * * *
The adder bites you.
* * * LOW HITPOINT WARNING * * *
You miss the adder.
The adder is heavily wounded.
The adder bites you.
* * * LOW HITPOINT WARNING * * *
The adder barely misses you.
You closely miss the adder.
The adder is heavily wounded.
The adder bites you.
You die...

#.# #.# ($ #.#
#..#?.. #.##...#..
. #....##.###.#
####....#.#...#
#.....##.##...
#..†).#.#...#
#.#†##.##...##..
#.#.#$#†@S......
###.#.###..###..##
#..........#
#.#........#
#######.#.#....#.#
........#......#.#
#.#
.###########.###..
... ..## #.# ###
#.# ...# ##+## #.#


You could see an adder.

Vanquished Creatures
  An adder (D:2)
  A gnoll (D:1)
  2 worms (D:2)
  A dart slug (D:1)
  2 bats (D:1)
  3 endoplasms
  2 goblins (D:1)
  4 hobgoblins (D:1)
  4 jackals (D:2)
  4 kobolds
  4 ball pythons (D:1)
  4 frilled lizards
  5 rats
37 creatures vanquished.

Notes
Turn   | Place    | Note
-------+----------+-------------------------------------------
     0 | D:1      | thiscave3701365 the Hill Orc Berserker began the quest for
                  | the Orb.
     0 | D:1      | Reached XP level 1. HP: 19/19 MP: 1/1
   135 | D:1      | Reached XP level 2. HP: 25/27 MP: 2/2
   380 | D:1      | Reached skill level 5 in Axes
   785 | D:1      | Reached XP level 3. HP: 32/33 MP: 3/3
  1032 | D:1      | Found a faded altar of an unknown god.
  1301 | D:2      | Reached skill level 6 in Axes
  1534 | D:2      | Reached XP level 4. HP: 36/40 MP: 4/4
  1597 | D:2      | Slain by an adder

Illustrated notes

Levels and vault maps discovered:
D:1:      mrwooster_arrival_statue_3, layout_basic,
          ebering_ecumenical_altar_box, hex_tiny
D:2:      layout_loops_corners, minmay_vboxes

Skill      XL: |  1  2  3 |
---------------+----------+-----
Axes           | 5 6 |  6.3
Fighting       | |  3.7
Armour         | |  2.2
Dodging        | |  1.6

Action                   |  1- 3 |  4- 6 || total
-------------------------+-------+-------++-------
Melee: Hand axe          |    95 |    21 ||   116
       Punch             |     2 |       ||     2
Invok: Berserk           |     2 |     1 ||     3
Armor: Animal skin       |    19 |     2 ||    21
Dodge: Dodged            |    68 |    20 ||    88
